 Dungeon Crawl Stone Soup version 0.32-a0-329-ge6c31236d6 (webtiles) character file.

Game seed: 15085505907606840614

3241 Dordric the Mimic (level 9, -4/75 HPs)
             Began as a Troll Shapeshifter on Feb 16, 2024.
             Was an Initiate of Trog.
             Killed from afar by an orc wizard (9 damage)
             ... with a magic dart
             ... on level 7 of the Dungeon.
             The game lasted 00:07:18 (4552 turns).

Dordric the Mimic (Troll Shapeshifter)              Turns: 4552, Time: 00:07:19

Health: -4/75      AC:  2    Str: 28    XL:     9   Next: 67%
Magic:  8/8        EV: 13    Int:  6    God:    Trog [......]
Gold:   367        SH:  0    Dex:  9    Spells: 8/8 levels left

rFire   . .          .
                       - Unarmed
rCold   . . .        (shield currently unavailable)
rNeg    . . .        a - melded +0 animal skin
rPois   .            (helmet restricted)
rElec   .            (no cloak)
rCorr   .            (gloves unavailable)
SInv    .            (boots unavailable)
Will    .....        (no amulet)
Stlth   +            (no ring)
HPRegen 1.12/turn    (no ring)
MPRegen 0.11/turn

%: no passive effects
@: flux-form, glowing
A: glow, contaminating, large, unfitting armour, claws 3, regeneration 1, shaggy
fur 1, tough skin 1
a: Begin Untransformation, Renounce Religion


You were on level 7 of the Dungeon.
You worshipped Trog.
Trog was noncommittal.
You were something dangerously unstable.
You visited 2 branches of the dungeon, and saw 8 of its levels.

You collected 367 gold pieces.

Inventory:

Armour
 a - a +0 animal skin (melded)
Jewellery
 u - a ring of flight
Talismans
 c - a beast talisman
 d - a flux talisman (active)
Wands
 i - a wand of flame (13)
 l - a wand of light (14)
Scrolls
 e - 3 scrolls of amnesia {unknown}
 j - 3 scrolls of identify {unknown}
 k - 4 scrolls of enchant weapon {unknown}
 m - a scroll of noise {unknown}
 n - 2 scrolls of poison {unknown}
 p - 2 scrolls of teleportation {unknown}
 r - a scroll of revelation {unknown}
 s - a scroll of fear {unknown}
 w - a scroll of immolation {unknown}
Potions
 b - a potion of lignification
 f - a potion of mutation {unknown}
 g - a potion of magic {unknown}
 h - a potion of ambrosia {unknown}
 o - 2 potions of heal wounds {unknown}
 q - a potion of brilliance {unknown}
 t - 2 potions of attraction {unknown}
 v - a potion of curing {unknown}
 x - a potion of invisibility {unknown}


   Skills:
 - Level 0.7 Fighting
 - Level 1.5 Dodging
 - Level 3.0 Unarmed Combat
 + Level 12.8 Shapeshifting


You had 8 spell levels left.
You didn't know any spells.
Your spell library contained the following spells:

 Spells                   Type           Power      Damage    Failure   Level
 Apportation              Tloc           0%         N/A       45%         1
 Cigotuvi's Dreadful Rot  Necr/Alch/Air  0%         N/A       58%         2
 Jinxbite                 Hex            0%         N/A       58%         2
 Call Canine Familiar     Summ           0%         N/A       83%         3
 Gell's Gravitas          Tloc           0%         N/A       83%         3
 Sigil of Binding         Hex            0%         N/A       83%         3
 Teleport Other           Tloc           0%         N/A       83%         3
 Animate Armour           Summ/Erth      0%         N/A       99%         4
 Cause Fear               Hex            0%         N/A       99%         4
 Dimensional Bullseye     Hex/Tloc       0%         N/A       99%         4
 Ignite Poison            Fire/Alch      0%         N/A       99%         4
 Alistair's Intoxication  Alch           0%         N/A       100%        5
 Fireball                 Conj/Fire      0%         3d3       100%        5
 Freezing Cloud           Conj/Ice/Air   0%         6-21      100%        5
 Dispersal                Tloc           0%         N/A       100%        6
 Malign Gateway           Summ/Tloc      0%         N/A       100%        7
 Dragon's Call            Summ           0%         N/A       100%        9
 Fire Storm               Conj/Fire      0%         5d1       100%        9


Dungeon Overview and Level Annotations

Branches:
Dungeon (7/15)             Temple (1/1) D:6

Altars:
Ashenzari
Cheibriados
Dithmenos
Elyvilon
Fedhas
Gozag
Hepliaklqana
Kikubaaqudgha
Makhleb
Nemelex Xobeh
Qazlal
Ru
Sif Muna
Trog
Uskayaw
Vehumet
Xom
Yredelemnul
Zin
The Shining One

Shops:
D:6 [

Annotations:
D:7 3 runed translucent doors, Bravepunisher's ghost, weakling SpMo; Echelon's ghost, amateur FoFi


Innate Abilities, Weirdness & Mutations

You are something dangerously unstable.
You glow with magical radiation, making you easy to see and hit.
Foes you strike become dangerously contaminated with magical radiation.
You are incapable of wielding weapons or throwing items.
You are too large for most types of armour.
You have claws for hands.
Your natural rate of healing is unusually fast.
You are covered in fur. (AC +1)
You have tough skin. (AC +1)


Message History

The white imp hits you.
* * * LOW HITPOINT WARNING * * *
The white imp freezes you.
* * * LOW HITPOINT WARNING * * *
An orc comes into view. It is wielding a +0 flail.
Something hits you.
* * * LOW HITPOINT WARNING * * *
Okay, then.
Unknown command.
Aiming: Bolt of Light
Press: ? - help, Shift-Dir - straight line The bolt of light hits something!
Trog accepts your kill.
Trog appreciates your killing of a magic user.
Reactivating autopickup.
You feel a bit more experienced. The white imp closely misses you.
Something hits you.
* * * LOW HITPOINT WARNING * * *
Deactivating autopickup; reactivate with Ctrl-A.
You claw the white imp!
You kill the white imp!
Trog accepts your kill. Something hits you.
* * * LOW HITPOINT WARNING * * *
Aiming: Bolt of Light
Press: ? - help, Shift-Dir - straight line, f - orc
Aim: an orc, wielding a +0 flail (71% to hit)
The bolt of light misses the orc.
Something hits you.
* * * LOW HITPOINT WARNING * * *
Unknown command.
Aiming: Bolt of Light
Press: ? - help, Shift-Dir - straight line, f/p - orc
Aim: an orc, wielding a +0 flail (71% to hit)
The bolt of light hits the orc!
You kill the orc!
Trog accepts your kill.
You hear some strange, mumbled words.
A magic dart appears from out of thin air!
The magic dart hits you!
You die...

.#♣WW.....♣ .####+++### ##
.. ........... ##. ..#
#.#........ ##.. ...# ..
###..#.##..##... ...#...
###....# #..#...# ..##...
#..#### #.....)##........
##..#####.....){.........
#..##..#.......p.........
##....................... #
#.#.###.................
#.#....#..................
....<.....................
...#...##.....####'###+###+
#.###..##......#..#.......#
....#.......##.#..#.......#
.........#.###.'..'###+###+


There were no monsters in sight!

Vanquished Creatures
  Pikel (D:6)
  Eustachio (D:6)
  5 yaks (D:5)
  Edmund (D:4)
  Menkaure (D:4)
  A sky beast (D:7)
  5 ogres
  A phantom (D:5)
  A centaur (D:6)
  3 lemures (D:6)
  3 scorpions
  3 bombardier beetles
  2 jellies
  3 hounds
  4 orc priests
  A gnoll bouda (D:6)
  A sleepcap (D:5)
  An iguana (D:6)
  3 orc wizards
  Robin (D:2)
  8 gnolls
  3 adders
  A shadow imp (D:7)
  3 white imps
  7 dart slugs
  2 ribbon worms
  11 orcs
  4 bats
  4 endoplasms
  7 giant cockroaches
  9 hobgoblins
  9 jackals
  A quokka (D:4)
  6 ball pythons
  2 frilled lizards (D:1)
  19 goblins
  4 kobolds
  8 rats
150 creatures vanquished.

Notes
Turn   | Place    | Note
-------+----------+-------------------------------------------
     0 | D:1      | Dordric the Troll Shapeshifter began the quest for the Orb.
     0 | D:1      | Reached XP level 1. HP: 18/18 MP: 0/0
    41 | D:1      | Reached XP level 2. HP: 25/26 MP: 1/1
   194 | D:1      | Reached skill level 4 in Shapeshifting
   197 | D:1      | Reached XP level 3. HP: 32/32 MP: 2/2
   666 | D:2      | Noticed Robin
   682 | D:2      | Killed Robin
   683 | D:2      | Reached XP level 4. HP: 30/40 MP: 3/3
   727 | D:2      | Reached skill level 5 in Shapeshifting
  1524 | D:3      | Reached XP level 5. HP: 27/46 MP: 4/4
  2052 | D:4      | Noticed Edmund
  2062 | D:3      | Reached skill level 6 in Shapeshifting
  2075 | D:4      | Killed Edmund
  2076 | D:4      | Reached XP level 6. HP: 22/54 MP: 5/5
  2180 | D:4      | Reached skill level 7 in Shapeshifting
  2228 | D:4      | Reached XP level 7. HP: 8/61 MP: 6/6
  2548 | D:4      | Noticed Menkaure
  2554 | D:4      | Killed Menkaure
  2555 | D:4      | Reached skill level 8 in Shapeshifting
  2716 | D:4      | Got Pudghic's Enchiridion on United Anthracomancy
  2722 | D:4      | Found an ancient bone altar of Kikubaaqudgha.
  2773 | D:5      | Entered Level 5 of the Dungeon
  2847 | D:5      | Noticed a yak
  2856 | D:5      | Killed a yak
  2857 | D:5      | Reached skill level 9 in Shapeshifting
  2857 | D:5      | Noticed a yak
  2857 | D:5      | Noticed a yak
  2858 | D:5      | Noticed a yak
  2861 | D:5      | Noticed a yak
  2865 | D:5      | Killed a yak
  2866 | D:5      | Reached XP level 8. HP: 68/68 MP: 7/7
  2878 | D:5      | Reached skill level 10 in Shapeshifting
  2936 | D:5      | Found a stormy altar of Qazlal.
  2945 | D:5      | Found a white marble altar of Elyvilon.
  3045 | D:5      | Reached skill level 11 in Shapeshifting
  3364 | D:5      | Reached XP level 9. HP: 75/75 MP: 8/8
  3669 | D:6      | Found a staircase to the Ecumenical Temple.
  3670 | D:6      | Noticed Eustachio
  3717 | D:6      | Killed Eustachio
  3749 | Temple   | Entered the Ecumenical Temple
  3753 | Temple   | Became a worshipper of Trog the Wrathful
  3771 | D:6      | Noticed Pikel
  3801 | D:6      | Killed Pikel
  3802 | D:6      | Reached skill level 12 in Shapeshifting
  4035 | D:6      | Found Qaudd's Armour Shop.
  4483 | D:7      | Found a runed translucent gate.
  4484 | D:7      | Found a runed translucent gate.
  4485 | D:7      | Found a runed translucent gate.
  4486 | D:7      | Noticed Echelon's ghost (amateur FoFi)
  4487 | D:7      | Noticed Bravepunisher's ghost (weakling SpMo)
  4552 | D:7      | Killed from afar by an orc wizard

Illustrated notes

Levels and vault maps discovered:
D:1:      amcnicky_arrival_double_pillar, layout_loops_cross
D:2:      layout_loops_ring, uniq_robin
D:3:      layout_loops_ring
D:4:      layout_rooms, kennysheep_mini_moat, uniq_edmund, uniq_menkaure
D:5:      layout_basic, jmf_multi_god_temple2, serial_bayou_pond_b
D:6:      layout_gridville, minmay_temple_entry_sparse_star, serial_shops,
          nicolae_shop_peninsula, uniq_eustachio, uniq_pikel
D:7:      layout_cave_pools, mainiacjoe_overflow_24_doors,
          gammafunk_ghost_cemetery
Temple:   nicolae_temple_bog_church

Skill      XL: |  1  2  3  4  5  6  7  8  9 |
---------------+----------------------------+-----
Shapeshifting  | 4 5 6 7 9 11 12 | 12.8
Fighting       | |  0.7
Dodging        | |  1.5
Unarmed Combat | |  3.0

Action                     |  1- 3 |  4- 6 |  7- 9 || total
---------------------------+-------+-------+-------++-------
  Melee: Unarmed           |    68 |   130 |   261 ||   459
         Punch             |     1 |     2 |       ||     3
  Evoke: Wand              |       |       |     3 ||     3
 Armour: Animal skin       |    40 |     7 |       ||    47
         Skin              |       |    60 |   148 ||   208
  Dodge: Dodged            |    21 |    76 |   162 ||   259
   Form: Flux              |       |     1 |       ||     1

Table legend: (Time is in decaauts)
 A = Elapsed time spent in this place.
 B = Non-inter-level travel time spent in this place.
 C = Inter-level travel time spent in this place.
 D = Time resting spent in this place.
 E = Time spent auto-exploring this place.
 F = Levels seen in this place.
 G = Mean time per level.
                   A        B        C        D        E       F      G
               +--------+--------+--------+--------+--------+-----+--------+
         Total |   4528 |   4371 |    157 |    220 |   3249 |   8 |  566.0 |
       Dungeon |   4520 |   4363 |    157 |    220 |   3249 |   7 |  645.7 |
        Temple |      8 |      8 |      0 |      0 |      0 |   1 |    8.0 |
               +--------+--------+--------+--------+--------+-----+--------+

Top non-repeatable levels by time:
     D:5: 920 daAuts
     D:3: 767 daAuts
     D:6: 697 daAuts
     D:2: 671 daAuts
     D:4: 667 daAuts
     D:1: 653 daAuts
     D:7: 141 daAuts
  Temple: 8 daAuts
